 Dungeon Crawl Stone Soup version 0.30-b1-2-g02819fbbbe (webtiles) character file.

Game seed: 5230102906736469908

55 Arcadio the Skirmisher (level 3, -3/31 HPs)
             Began as a Gnoll Hunter on May 7, 2023.
             Killed from afar by Terence (11 damage)
             ... with a bolt of light
             ... on level 2 of the Dungeon.
             The game lasted 00:03:41 (958 turns).

Arcadio the Skirmisher (Gnoll Hunter)                Turns: 958, Time: 00:03:43

Health: -3/31      AC:  3    Str: 10    XL:     3   Next: 93%
Magic:  4/4        EV: 13    Int:  8    God:
Gold:   57         SH:  0    Dex: 17    Spells: 4/4 levels left

rFire   . . .        a - +0 shortbow
rCold   . . .        (shield currently unavailable)
rNeg    . . .        c - +0 leather armour
rPois   .            (no helmet)
rElec   .            (no cloak)
rCorr   .            (no gloves)
SInv    .            (no boots)
Will    .....        (no amulet)
Stlth   +            (no ring)
HPRegen 0.25/turn    (no ring)
MPRegen 0.09/turn

%: no passive effects
@: confused
A: fangs 1, strong nose, distributed training
a: no special abilities


You were on level 2 of the Dungeon.
You visited 1 branch of the dungeon, and saw 2 of its levels.

You collected 57 gold pieces.

Inventory:

Hand Weapons
 a - a +0 shortbow (weapon)
Armour
 c - a +0 leather armour (worn)
 f - a +0 crystal plate armour
Scrolls
 b - 2 scrolls of immolation
 d - a scroll of enchant armour {unknown}
 e - a scroll of blinking {unknown}
Potions
 g - a potion of flight {unknown}
 h - a potion of mutation {unknown}


   Skills:
 + Level 4.6 Fighting
 + Level 1.0 Short Blades
 + Level 1.0 Long Blades
 + Level 1.0 Axes
 + Level 1.0 Maces & Flails
 + Level 1.0 Polearms
 + Level 1.0 Staves
 + Level 8.5 Ranged Weapons
 + Level 1.0 Throwing
 + Level 1.0 Armour
 + Level 4.6 Dodging
 + Level 2.5 Stealth
 + Level 1.0 Shields
 + Level 1.0 Unarmed Combat
 + Level 1.0 Spellcasting
 + Level 0.7 Conjurations
 + Level 0.7 Hexes
 + Level 0.7 Summonings
 + Level 0.7 Necromancy
 + Level 0.7 Translocations
 + Level 0.7 Transmutations
 + Level 0.7 Fire Magic
 + Level 0.7 Ice Magic
 + Level 0.7 Air Magic
 + Level 0.7 Earth Magic
 + Level 0.7 Poison Magic
 + Level 1.1 Invocations
 + Level 1.0 Evocations


You had 4 spell levels left.
You didn't know any spells.
Your spell library was empty.

Dungeon Overview and Level Annotations

Branches:
Dungeon (2/15) Zot: 11022

Altars:

Annotations:
D:2 Terence


Innate Abilities, Weirdness & Mutations

You have very sharp teeth.
Your uncanny sense of smell can sniff out nearby items.
Your experience applies equally to all skills.


Message History

Aim: Terence, wielding a +1 flail of holy wrath, wearing a +0 chain mail and carrying a wand of light (12) (moderately wounded, 72% to hit)
You shoot an arrow. The arrow hits Terence.
Terence is heavily wounded.
Fire: a) +0 shortbow
Press: ? - help, Q - select action Shift-Dir - straight line, f/p - Terence
Aim: Terence, wielding a +1 flail of holy wrath, wearing a +0 chain mail and carrying a wand of light (12) (heavily wounded, 72% to hit)
You shoot an arrow. The arrow barely misses Terence.
Terence zaps a wand.
The bolt of light hits you!
You are confused.
Okay, then.
You miss Terence. You bite Terence.
Terence is severely wounded.
Terence closely misses you.
You feel less confused. Terence says, "Did you write a will?
You should..."
You don't know any spells.
Your library has no spells.
Unknown command.
Okay, then.
Fire: a) +0 shortbow
Press: ? - help, Q - select action Shift-Dir - straight line, f/p - Terence
Aim: Terence, wielding a +1 flail of holy wrath, wearing a +0 chain mail and carrying a wand of light (11) (severely wounded, 72% to hit)
You shoot an arrow. The arrow hits Terence!
Terence is almost dead.
Terence barely misses you.
Fire: a) +0 shortbow
Press: ? - help, Q - select action Shift-Dir - straight line, f/p - Terence
Aim: Terence, wielding a +1 flail of holy wrath, wearing a +0 chain mail and carrying a wand of light (11) (almost dead, 72% to hit)
You shoot an arrow.
The arrow hits Terence but does no damage.
Terence is almost dead.
Terence closely misses you.
Terence hits you with a +1 flail of holy wrath!
Fire: a) +0 shortbow
Press: ? - help, Q - select action Shift-Dir - straight line, f/p - Terence
Aim: Terence, wielding a +1 flail of holy wrath, wearing a +0 chain mail and carrying a wand of light (11) (almost dead, 72% to hit)
You shoot an arrow. The arrow barely misses Terence.
Terence zaps a wand.
The bolt of light hits you!
You are confused.
You die...

..................#
##..<.............#
#................#
##..............#
#.......##.....##
....
....###########.####
.... ...# #).#..
..... ..#
##.#.##..... ..
#@#.#.....
#@#..(....
#....#.#.#.
##....?....
#.........##
....†.....##.#
#......†#... #
...........##
.......>##.#


You could see Terence.

Vanquished Creatures
  A dart slug (D:1)
  6 bats
  3 endoplasms
  3 giant cockroaches (D:1)
  7 hobgoblins (D:1)
  3 jackals (D:1)
  3 quokkas (D:1)
  4 ball pythons (D:1)
  3 frilled lizards (D:1)
  5 goblins
  4 kobolds (D:1)
  10 rats
52 creatures vanquished.

Notes
Turn   | Place    | Note
-------+----------+-------------------------------------------
     0 | D:1      | Arcadio the Gnoll Hunter began the quest for the Orb.
     0 | D:1      | Reached XP level 1. HP: 20/20 MP: 1/1
    90 | D:1      | Reached XP level 2. HP: 26/26 MP: 2/2
   247 | D:1      | Reached XP level 3. HP: 31/31 MP: 3/3
   385 | D:1      | Reached skill level 1 in Invocations
   754 | D:1      | Reached skill level 1 in Short Blades
   754 | D:1      | Reached skill level 1 in Long Blades
   754 | D:1      | Reached skill level 1 in Axes
   754 | D:1      | Reached skill level 1 in Maces & Flails
   754 | D:1      | Reached skill level 1 in Polearms
   754 | D:1      | Reached skill level 1 in Staves
   754 | D:1      | Reached skill level 1 in Throwing
   754 | D:1      | Reached skill level 1 in Armour
   754 | D:1      | Reached skill level 1 in Shields
   754 | D:1      | Reached skill level 1 in Unarmed Combat
   754 | D:1      | Reached skill level 1 in Spellcasting
   754 | D:1      | Reached skill level 1 in Evocations
   942 | D:2      | Noticed Terence
   958 | D:2      | Killed from afar by Terence

Illustrated notes

Levels and vault maps discovered:
D:1:      onia_arrival_handbag, layout_basic, minmay_tetromino_l4
D:2:      layout_rooms, uniq_jessica, uniq_terence

Skill      XL: |  1  2  3 |
---------------+----------+-----
Invocations    | 1 |  1.1
Short Blades   | 1 |  1.0
Long Blades    | 1 |  1.0
Axes           | 1 |  1.0
Maces & Flails | 1 |  1.0
Polearms       | 1 |  1.0
Staves         | 1 |  1.0
Throwing       | 1 |  1.0
Armour         | 1 |  1.0
Shields        | 1 |  1.0
Unarmed Combat | 1 |  1.0
Spellcasting   | 1 |  1.0
Evocations     | 1 |  1.0
Fighting       | |  4.6
Ranged Weapons | |  8.5
Dodging        | |  4.6
Stealth        | |  2.5
Conjurations   | |  0.7
Hexes          | |  0.7
Summonings     | |  0.7
Necromancy     | |  0.7
Translocations | |  0.7
Transmutations | |  0.7
Fire Magic     | |  0.7
Ice Magic      | |  0.7
Air Magic      | |  0.7
Earth Magic    | |  0.7
Poison Magic   | |  0.7

Action                     || total
---------------------------++-------
  Melee: Shortbow          ||     1
         Bite              ||     1
   Fire: Shortbow          ||   114
 Armour: Leather armour    ||    18
  Dodge: Dodged            ||    46
